 Dungeon Crawl Stone Soup version 0.31-a0-188-g5e087ee2ca (webtiles) character file.

Game seed: 6641375545125885955

102 qw the Shooter (level 4, -3/25 HPs)
             Began as a Deep Elf Hunter on June 23, 2023.
             Slain by a gnoll
             ... wielding a +0 halberd
              (13 damage)
             ... on level 3 of the Dungeon.
             The game lasted 00:00:34 (997 turns).

qw the Shooter (Deep Elf Hunter)                     Turns: 997, Time: 00:00:35

Health: -3/25      AC:  4    Str: 10    XL:     4   Next: 49%
Magic:  6/6        EV: 12    Int: 14    God:
Gold:   84         SH:  0    Dex: 18    Spells: 3/3 levels left

rFire   . . .        Y - +0 shortbow
rCold   . . .        (shield currently unavailable)
rNeg    . . .        c - +0 leather armour
rPois   +            (no helmet)
rElec   .            h - +0 cloak
rCorr   .            (no gloves)
SInv    .            (no boots)
Will    .....        (no amulet)
Stlth   ++           d - ring of poison resistance
HPRegen 0.24/turn    (no ring)
MPRegen 0.10/turn

%: no passive effects
@: no status effects
A: no striking features
a: no special abilities


You were on level 3 of the Dungeon.
You visited 1 branch of the dungeon, and saw 3 of its levels.

You collected 84 gold pieces.


   Skills:
 - Level 1.5 Fighting
 + Level 7.9 Ranged Weapons
 - Level 2.4 Dodging
 - Level 1.2 Stealth


You had 3 spell levels left.
You didn't know any spells.
Your spell library was empty.

Inventory:

Hand Weapons
 Y - a +0 shortbow (weapon)
Armour
 c - a +0 leather armour (worn)
 h - a +0 cloak (worn)
Jewellery
 d - a ring of poison resistance (left hand)
 f - a +6 ring of dexterity
Potions
 a - a potion of ambrosia {unknown}
 b - a potion of brilliance {unknown}
 e - a potion of enlightenment
 j - 2 potions of heal wounds

Dungeon Overview and Level Annotations

Branches:
Dungeon (3/15)

Altars:


Message History

(D) Dungeon
Where to? (* - list waypoints, Enter - D:3, ? - help)
What level of the Dungeon? (default 1, ? - help)
You climb downwards.
You hear the sound of rushing water.
There is an entrance to a sewer on this level.
Hurry and find it before the portal rusts away!
There is a stone staircase leading up here.
f - a +6 ring of dexterity
Found 6 stones.
j - 2 potions of heal wounds (gained 1)
Found 5 stones.
Found 3 poisoned darts.
A gnoll comes into view. It is wielding a +0 whip.
The gnoll shouts!
A gnoll comes into view. It is wielding a +0 spear.
You shoot an arrow. The gnoll shouts!
The arrow hits the gnoll but does no damage.
You shoot an arrow. The arrow closely misses the gnoll.
A gnoll comes into view. It is wielding a +0 halberd.
991 ||| Stepping ~*~*~tactically~*~*~ (outnumbered). 2 gnolls come into view.
The gnoll shouts!
You hear a shout!
993 ||| Stepping ~*~*~tactically~*~*~ (outnumbered).
The gnoll shouts!
The gnoll hits you with a +0 whip.
The gnoll hits you from afar with a +0 spear.
You shoot an arrow. The arrow hits the gnoll.
The gnoll is moderately wounded.
You hear the slow rusting of a distant drain.
The gnoll misses you.
You shoot an arrow. The arrow barely misses the gnoll.
The gnoll hits you with a +0 whip.
The gnoll hits you from afar with a +0 spear.
You shoot an arrow. The arrow hits the gnoll.
The gnoll is severely wounded.
The gnoll hits you with a +0 whip.
The gnoll hits you from afar with a +0 halberd!
Ouch! That really hurt!
You die...

###.#........#
~............####..#
#.............(#..#
##...........##.#..#
#............##.#..#
#.......[.(.##.#g.#
#........<.##.#gg#
#.#......####.#.(#
#.#...........@g.#
#.#......####.#.##
#.#.............#
#...........(.###
###.###.####### #.#
#.# ... ..# ##. ####


You could see 4 gnolls.

Vanquished Creatures
  6 adders (D:2)
  A dart slug (D:1)
  6 ball pythons
  An endoplasm (D:2)
  4 giant cockroaches
  2 goblins
  3 hobgoblins
  9 jackals
  2 kobolds
  A quokka (D:1)
  6 bats
  A frilled lizard (D:1)
  2 rats (D:1)
44 creatures vanquished.

Notes
Turn   | Place    | Note
-------+----------+-------------------------------------------
     0 | D:1      | qw the Deep Elf Hunter began the quest for the Orb.
     0 | D:1      | Reached XP level 1. HP: 12/12 MP: 3/3
     0 | D:1      | 0 ||| qw: Version: 0.3-a-9-g12657ce
     0 | D:1      | 0 ||| qw: Game counter: 3096
     0 | D:1      | 0 ||| qw: Always use a shield: true
     0 | D:1      | 0 ||| qw: God list: Okawaru
     0 | D:1      | 0 ||| qw: Allow faded altars: false
     0 | D:1      | 0 ||| qw: Do Orc after D:15 true
     0 | D:1      | 0 ||| qw: Do second Lair branch before Depths: true
     0 | D:1      | 0 ||| qw: Lair rune preference: random
     0 | D:1      | 0 ||| qw: Plans: Normal
     0 | D:1      | 0 ||| PLANNING D:1-11
    76 | D:1      | Reached skill level 6 in Ranged Weapons
    76 | D:1      | Reached XP level 2. HP: 16/16 MP: 4/4
   257 | D:1      | Reached XP level 3. HP: 20/20 MP: 5/5
   369 | D:1      | 369 ||| UPGRADING to +0 cloak.
   374 | D:1      | 374 ||| READING scroll labelled SAWOIR SUNEUTI.
   375 | D:1      | 375 ||| READING scroll labelled PUTA BONWOBB.
   376 | D:1      | 376 ||| READING scroll labelled FAKHYDGHIGE.
   380 | D:1      | 380 ||| DRINKING 2 silvery potions.
   381 | D:1      | 381 ||| DROPPING scroll of butterflies.
   462 | D:2      | Reached skill level 7 in Ranged Weapons
   798 | D:2      | Reached XP level 4. HP: 25/25 MP: 6/6
   838 | D:2      | 838 ||| FLEEEEING.
   839 | D:2      | 839 ||| FLEEEEING.
   840 | D:2      | 840 ||| FLEEEEING.
   841 | D:2      | 841 ||| FLEEEEING.
   842 | D:2      | 842 ||| FLEEEEING.
   843 | D:2      | 843 ||| FLEEEEING.
   844 | D:2      | 844 ||| FLEEEEING.
   845 | D:2      | 845 ||| FLEEEEING.
   911 | D:2      | 911 ||| UPGRADING to ring of poison resistance.
   912 | D:2      | 912 ||| READING 3 scrolls labelled YPOLEBUOSM.
   913 | D:2      | 913 ||| READING scroll labelled YHIORAEVVO.
   914 | D:2      | 914 ||| DRINKING 2 blue potions.
   915 | D:2      | 915 ||| DRINKING 2 fuming dark potions.
   916 | D:2      | 916 ||| DROPPING potion of attraction.
   917 | D:2      | 917 ||| DROPPING 2 scrolls of fear.
   948 | D:3      | 948 ||| PLANNING SEWER
   951 | D:3      | 951 ||| STAIRDANCE
   991 | D:3      | 991 ||| Stepping ~*~*~tactically~*~*~ (outnumbered).
   993 | D:3      | 993 ||| Stepping ~*~*~tactically~*~*~ (outnumbered).
   997 | D:3      | Slain by a gnoll

Levels and vault maps discovered:
D:1:      dreamdust_arrival_beginning_and_end, layout_rooms, minmay_statues_item
D:2:      layout_basic
D:3:      layout_loops_ring, gup_sewer_entry_bubbles

Skill      XL: |  1  2  3 |
---------------+----------+-----
Ranged Weapons | 6 7 |  7.9
Fighting       | |  1.5
Dodging        | |  2.4
Stealth        | |  1.2

Action                     |  1- 3 |  4- 6 || total
---------------------------+-------+-------++-------
   Fire: Shortbow          |    91 |    25 ||   116
    Use: Scroll            |     3 |     2 ||     5
         Potion            |     1 |     2 ||     3
 Armour: Leather armour    |     9 |     9 ||    18
  Dodge: Dodged            |    12 |    29 ||    41

Table legend:
 A = Non-vault XP
 B = Vault XP
 C = Vault XP percentage of total XP
 D = Non-vault monster count
 E = Vault monster count
 F = Vault count percentage of total count
                 A         B        C        D         E       F
            +---------+---------+-------+---------+---------+-------
      Total |     146 |       0 |   0.0 |      44 |       0 |   0.0
            +---------+---------+-------+---------+---------+-------
        D:1 |      44 |       0 |   0.0 |      25 |       0 |   0.0
        D:2 |     101 |       0 |   0.0 |      18 |       0 |   0.0
        D:3 |       1 |       0 |   0.0 |       1 |       0 |   0.0
            +---------+---------+-------+---------+---------+-------
